SL
BUCKHEAD BOWTIES @ COLORADO BILLY GOATS
09/21/2042
 
TOP OF THE 1ST
Buckhead Bowties batting - Pitching for Colorado Billy Goats : RHP Jay Newton
Pitching: RHP Jay Newton
Batting: SHB Silvio Capitanio 0-0: Ground out U3 (Groundball, 3L, EV 87.5 MPH)
Batting: LHB Marcus Shill 0-0: Ball
1-0: Ball
2-0: SINGLE (Groundball, 34D, EV 106.9 MPH)
Batting: LHB Jesús Encarnación 0-0: Swinging Strike
0-1: Swinging Strike
0-2: Strikes out swinging
Batting: LHB Jared Schneider 0-0: Swinging Strike
0-1: Ball
1-1: Swinging Strike
1-2: Foul Ball, location: 2F
1-2: Foul Ball, location: 2F
1-2: Strikes out looking
Top of the 1st over - 0 runs, 1 hit, 0 errors, 1 left on base; Buckhead 0 - Colorado 0
BOTTOM OF THE 1ST
Colorado Billy Goats batting - Pitching for Buckhead Bowties : RHP Milutin Panic
Pitching: RHP Milutin Panic
Batting: LHB David de Meij 0-0: Swinging Strike
0-1: Ball
1-1: SINGLE (Line Drive, 78M, EV 85.6 MPH)
Batting: LHB Ricardo Yates 0-0: Called Strike
0-1: Ball
1-1: Called Strike
1-2: Fly out, F9 (Flyball, 9S, EV 80.6 MPH)
Batting: LHB Tim Gonzáles 0-0: Ball
1-0: Ball
2-0: Ball
3-0: Base on Balls
David de Meij to second
Batting: LHB Robby Sinor 0-0: Called Strike
0-1: Ball
1-1: Ball
2-1: Ball
3-1: DOUBLE (Line Drive, 89D, EV 112.5 MPH)
David de Meij scores
Tim Gonzáles to third
Runner from 3rd tries for Home, SAFE, throw by CF to home
Batting: LHB Samual Johnson 0-0: Called Strike
0-1: Ground out U3 (Groundball, 3L, EV 95.0 MPH)
Robby Sinor to third
Batting: RHB Paul Byrd 0-0: Called Strike
0-1: Ball
1-1: Swinging Strike
1-2: Strikes out swinging
Bottom of the 1st over - 2 runs, 2 hits, 0 errors, 1 left on base; Buckhead 0 - Colorado 2
TOP OF THE 2ND
Buckhead Bowties batting - Pitching for Colorado Billy Goats : RHP Jay Newton
Batting: LHB Spencer Powell 0-0: Ball
1-0: Called Strike
1-1: Swinging Strike
1-2: Ball
2-2: Ball
3-2: Foul Ball, location: 2F
3-2: Base on Balls
Batting: LHB Charles Godard 0-0: Called Strike
0-1: Ball
1-1: Grounds into double play, 5-4-3 (Groundball, 5, EV 91.2 MPH)
Batting: RHB Juan Barrón 0-0: Called Strike
0-1: Fly out, F3 (Popup, 3F, EV 65.0 MPH)
Top of the 2nd over - 0 runs, 0 hits, 0 errors, 0 left on base; Buckhead 0 - Colorado 2
BOTTOM OF THE 2ND
Colorado Billy Goats batting - Pitching for Buckhead Bowties : RHP Milutin Panic
Batting: LHB Ruhinda Kirkconnell 0-0: Ball
1-0: Called Strike
1-1: Ball
2-1: Foul Ball, location: 2F
2-2: Ball
3-2: Base on Balls
Batting: SHB Raoul de Gilde 0-0: Called Strike
0-1: Ball
1-1: Ball
2-1: Foul Ball, location: 2F
2-2: Strikes out swinging
Batting: RHB Matt Méndez 0-0: Called Strike
0-1: Swinging Strike
0-2: Ball
1-2: Fly out, F7 (Flyball, 7, EV 78.1 MPH)
Batting: LHB David de Meij 0-0: Ball
1-0: SINGLE (Groundball, 4, EV 98.8 MPH) (infield hit)
Ruhinda Kirkconnell to second
Batting: LHB Ricardo Yates 0-0: Ball
1-0: Ball
2-0: SINGLE (Line Drive, 7S, EV 105.6 MPH)
Ruhinda Kirkconnell to third
David de Meij to second
Runner from 3rd tries for Home, throw by LF and OUT! 7-2
Bottom of the 2nd over - 0 runs, 2 hits, 0 errors, 2 left on base; Buckhead 0 - Colorado 2
TOP OF THE 3RD
Buckhead Bowties batting - Pitching for Colorado Billy Goats : RHP Jay Newton
Batting: RHB Félix Fernández 0-0: Foul Ball, location: 2F
0-1: Ball
1-1: Called Strike
1-2: Ball
2-2: Ball
3-2: Fly out, F8 (Line Drive, 8LM, EV 91.9 MPH)
Batting: RHB Hugh Mungus 0-0: Called Strike
0-1: Swinging Strike
0-2: Ball
1-2: SINGLE (Groundball, 56D, EV 96.2 MPH)
Batting: SHB Silvio Capitanio 0-0: Ball
1-0: Ball
2-0: Called Strike
2-1: Ball
3-1: Fielders Choice at 2nd, 1-6 (Groundball, 13, EV 78.1 MPH)
Batting: LHB Marcus Shill 0-0: Called Strike
0-1: Ball
1-1: Ball
2-1: Called Strike
2-2: Ground out 4-3 (Groundball, 4, EV 90.0 MPH)
Top of the 3rd over - 0 runs, 1 hit, 0 errors, 1 left on base; Buckhead 0 - Colorado 2
BOTTOM OF THE 3RD
Colorado Billy Goats batting - Pitching for Buckhead Bowties : RHP Milutin Panic
Batting: LHB Tim Gonzáles 0-0: Ball
1-0: Swinging Strike
1-1: Foul Ball, location: 2F
1-2: Ball
2-2: Fly out, F8 (Flyball, 8RD, EV 88.8 MPH)
Batting: LHB Robby Sinor 0-0: Called Strike
0-1: Ball
1-1: Swinging Strike
1-2: Foul Ball, location: 2F
1-2: Fly out, F4 (Line Drive, 4, EV 63.8 MPH)
Batting: LHB Samual Johnson 0-0: Ball
1-0: Ball
2-0: Ball
3-0: Base on Balls
Batting: RHB Paul Byrd 0-0: Ball
1-0: Swinging Strike
1-1: SINGLE (Groundball, 5D, EV 93.8 MPH)
Samual Johnson to second
Batting: LHB Ruhinda Kirkconnell 0-0: Ball
1-0: Ball
2-0: Foul Ball, location: 2F
2-1: 3-RUN HOME RUN (Flyball, 9D, EV 102.5 MPH), Distance : 380 ft
Batting: SHB Raoul de Gilde 0-0: Ball
1-0: Ball
2-0: SINGLE (Flyball, 89S, EV 91.9 MPH)
Batting: RHB Matt Méndez 0-0: Called Strike
0-1: Foul Ball, location: 2F
0-2: Ground out 5-3 (Groundball, 56S, EV 75.0 MPH)
Bottom of the 3rd over - 3 runs, 3 hits, 0 errors, 1 left on base; Buckhead 0 - Colorado 5
TOP OF THE 4TH
Buckhead Bowties batting - Pitching for Colorado Billy Goats : RHP Jay Newton
Batting: LHB Jesús Encarnación 0-0: Foul Ball, location: 2F
0-1: Ball
1-1: Ball
2-1: Ball
3-1: Base on Balls
Batting: LHB Jared Schneider 0-0: DOUBLE (Line Drive, 3D, EV 99.4 MPH)
Jesús Encarnación to third
Batting: LHB Spencer Powell 0-0: Foul Ball, location: 2F
0-1: Swinging Strike
0-2: Fly out, F8 (Flyball, 89XD, EV 110.0 MPH)
Runner from 3rd tags up, SCORES, no throw by CF
Batting: LHB Charles Godard 0-0: Ball
1-0: Called Strike
1-1: Ball
2-1: Ball
3-1: Base on Balls
Batting: RHB Juan Barrón 0-0: Ball
1-0: Ball
2-0: Ball
3-0: Base on Balls
Jared Schneider to third
Charles Godard to second
Batting: RHB Félix Fernández 0-0: DOUBLE (Line Drive, 9LS, EV 108.8 MPH)
Jared Schneider scores
Charles Godard scores
Juan Barrón to third
Runner from 3rd tries for Home, SAFE, no throw by RF
Batting: RHB Hugh Mungus 0-0: Ball
1-0: Ball
2-0: Ball
3-0: Base on Balls
Batting: SHB Silvio Capitanio 0-0: Grounds into double play, 4-6-3 (Groundball, 4, EV 81.2 MPH)
Top of the 4th over - 4 runs, 2 hits, 0 errors, 1 left on base; Buckhead 4 - Colorado 5
BOTTOM OF THE 4TH
Colorado Billy Goats batting - Pitching for Buckhead Bowties : RHP Milutin Panic
Batting: LHB David de Meij 0-0: Ball
1-0: DOUBLE (Groundball, 5L, EV 106.9 MPH)
Batting: LHB Ricardo Yates 0-0: Ball
1-0: Ball
2-0: Foul Ball, location: 2F
2-1: Foul Ball, location: 2F
2-2: Strikes out looking
Batting: LHB Tim Gonzáles 0-0: Ball
1-0: Ball
2-0: Called Strike
2-1: Foul Ball, location: 2F
2-2: Ball
3-2: SINGLE (Flyball, 8RS, EV 88.8 MPH)
David de Meij to third
Runner from 3rd tries for Home, SAFE, throw by CF to home
Tim Gonzáles to second
Pitching: RHP Omar Morales
Batting: LHB Robby Sinor 0-0: Ground out 4-3 (Groundball, 34, EV 98.1 MPH)
Tim Gonzáles to third
Batting: LHB Samual Johnson 0-0: Ball
1-0: Called Strike
Balk!
Tim Gonzáles scores
1-1: Ball
2-1: Foul Ball, location: 2F
2-2: Ball
3-2: Foul Ball, location: 2F
3-2: Base on Balls
Batting: RHB Paul Byrd 0-0: Fielders Choice at 2nd, 6-4 (Groundball, 6, EV 84.4 MPH)
Bottom of the 4th over - 2 runs, 2 hits, 0 errors, 1 left on base; Buckhead 4 - Colorado 7
TOP OF THE 5TH
Buckhead Bowties batting - Pitching for Colorado Billy Goats : RHP Jay Newton
Batting: LHB Marcus Shill 0-0: Called Strike
0-1: Ball
1-1: Called Strike
1-2: Strikes out looking
Batting: LHB Jesús Encarnación 0-0: Called Strike
0-1: Ball
1-1: Foul Ball, location: 2F
1-2: Strikes out looking
Batting: LHB Jared Schneider 0-0: Ground out 4-3 (Groundball, 4M, EV 103.1 MPH)
Top of the 5th over - 0 runs, 0 hits, 0 errors, 0 left on base; Buckhead 4 - Colorado 7
BOTTOM OF THE 5TH
Colorado Billy Goats batting - Pitching for Buckhead Bowties : RHP Omar Morales
Batting: LHB Ruhinda Kirkconnell 0-0: Ball
1-0: SINGLE (Line Drive, 7LS, EV 105.6 MPH)
Batting: SHB Raoul de Gilde 0-0: Ball
1-0: Ball
2-0: Sac Bunt to 2L - play at first, batter OUT! 2-4
Ruhinda Kirkconnell to second
Batting: RHB Matt Méndez 0-0: Called Strike
0-1: Ground out 4-3 (Groundball, 4S, EV 61.9 MPH)
Ruhinda Kirkconnell to third
Batting: LHB David de Meij 0-0: Called Strike
0-1: Ball
1-1: Ball
2-1: Foul Ball, location: 2F
2-2: Ground out 4-3 (Groundball, 4, EV 83.8 MPH)
Bottom of the 5th over - 0 runs, 1 hit, 0 errors, 1 left on base; Buckhead 4 - Colorado 7
TOP OF THE 6TH
Buckhead Bowties batting - Pitching for Colorado Billy Goats : RHP Jay Newton
Batting: LHB Spencer Powell 0-0: Ball
1-0: Foul Ball, location: 2F
1-1: Fly out, F9 (Line Drive, 9, EV 84.4 MPH)
Batting: LHB Charles Godard 0-0: Foul Ball, location: 2F
0-1: Ball
1-1: Ball
2-1: Foul Ball, location: 2F
2-2: SINGLE (Groundball, 34S, EV 72.5 MPH) (infield hit)
Pitching: RHP Roberto Morales
Batting: RHB Juan Barrón 0-0: Foul Ball, location: 2F
0-1: Foul Ball, location: 2F
0-2: Strikes out swinging
Batting: RHB Félix Fernández 0-0: Called Strike
0-1: Foul Ball, location: 2F
0-2: Ball
Charles Godard steals 2nd base
1-2: Ball
2-2: DOUBLE (Flyball, 78XD, EV 91.9 MPH)
Charles Godard scores
Batting: RHB Hugh Mungus 0-0: Foul Ball, location: 2F
0-1: Ground out 6-3 (Groundball, 6, EV 102.5 MPH)
Top of the 6th over - 1 run, 2 hits, 0 errors, 1 left on base; Buckhead 5 - Colorado 7
BOTTOM OF THE 6TH
Colorado Billy Goats batting - Pitching for Buckhead Bowties : RHP Omar Morales
Batting: LHB Ricardo Yates 0-0: Ball
1-0: Ball
2-0: Foul Ball, location: 2F
2-1: Fly out, F4 (Line Drive, 4, EV 63.8 MPH)
Batting: LHB Tim Gonzáles 0-0: Called Strike
0-1: Called Strike
0-2: Foul Ball, location: 2F
0-2: Ball
1-2: Strikes out swinging
Batting: LHB Robby Sinor 0-0: Ball
1-0: Ball
2-0: Ball
3-0: Base on Balls
Batting: LHB Samual Johnson 0-0: Ball
1-0: Foul Ball, location: 2F
1-1: Ball
2-1: Fly out, F7 (Flyball, 7LS, EV 81.2 MPH)
Bottom of the 6th over - 0 runs, 0 hits, 0 errors, 1 left on base; Buckhead 5 - Colorado 7
TOP OF THE 7TH
Buckhead Bowties batting - Pitching for Colorado Billy Goats : RHP Roberto Morales
Batting: SHB Silvio Capitanio 0-0: Ball
1-0: Fly out, F8 (Flyball, 8LS, EV 73.8 MPH)
Batting: LHB Marcus Shill 0-0: SINGLE (Line Drive, 7LS, EV 103.1 MPH)
Batting: LHB Jesús Encarnación 0-0: Foul Ball, location: 2F
0-1: SINGLE (Groundball, 34D, EV 100.6 MPH)
Marcus Shill to second
Runner from 2nd tries for 3rd, SAFE, no throw by RF
Batting: LHB Jared Schneider 0-0: Swinging Strike
0-1: Called Strike
0-2: Strikes out swinging
Batting: LHB Spencer Powell 0-0: Ball
1-0: Called Strike
1-1: Foul Ball, location: 2F
1-2: Foul Ball, location: 2F
1-2: Ball
2-2: Foul Ball, location: 2F
2-2: Strikes out swinging
Top of the 7th over - 0 runs, 2 hits, 0 errors, 2 left on base; Buckhead 5 - Colorado 7
BOTTOM OF THE 7TH
Colorado Billy Goats batting - Pitching for Buckhead Bowties : RHP Omar Morales
Batting: RHB Paul Byrd 0-0: Called Strike
0-1: Ball
1-1: Ball
2-1: SOLO HOME RUN (Flyball, 7D, EV 101.9 MPH), Distance : 367 ft
Batting: LHB Ruhinda Kirkconnell 0-0: Ball
1-0: Called Strike
1-1: Swinging Strike
1-2: Ball
2-2: Foul Ball, location: 2F
2-2: Ball
3-2: Strikes out swinging
Batting: SHB Raoul de Gilde 0-0: Foul Ball, location: 2F
0-1: Ball
1-1: Foul Ball, location: 2F
1-2: Fly out, F6 (Line Drive, 6, EV 70.6 MPH)
Batting: RHB Matt Méndez 0-0: Foul Ball, location: 2F
0-1: Ground out 5-3 (Groundball, 5S, EV 69.4 MPH)
Bottom of the 7th over - 1 run, 1 hit, 0 errors, 0 left on base; Buckhead 5 - Colorado 8
TOP OF THE 8TH
Buckhead Bowties batting - Pitching for Colorado Billy Goats : RHP Roberto Morales
Batting: LHB Charles Godard 0-0: Called Strike
0-1: Fly out, F7 (Line Drive, 7D, EV 90.0 MPH)
Batting: RHB Juan Barrón 0-0: Foul Ball, location: 2F
0-1: SINGLE (Groundball, 56D, EV 96.2 MPH)
Batting: RHB Félix Fernández 0-0: Ball
1-0: Ball
2-0: Called Strike
2-1: Foul Ball, location: 2F
2-2: Fly out, F9 (Flyball, 9, EV 90.0 MPH)
Batting: RHB Hugh Mungus 0-0: Foul Ball, location: 2F
0-1: Ball
1-1: Swinging Strike
1-2: Ball
2-2: Strikes out looking
Top of the 8th over - 0 runs, 1 hit, 0 errors, 1 left on base; Buckhead 5 - Colorado 8
BOTTOM OF THE 8TH
Colorado Billy Goats batting - Pitching for Buckhead Bowties : RHP Omar Morales
Batting: LHB David de Meij 0-0: Swinging Strike
0-1: Ball
1-1: Ball
2-1: Ball
3-1: Ground out 5-3 (Groundball, 5S, EV 90.6 MPH)
Batting: LHB Ricardo Yates 0-0: Called Strike
0-1: Ball
1-1: Ball
2-1: Foul Ball, location: 2F
2-2: Ball
3-2: Base on Balls
Pitching: RHP Chin-yau Liu
Batting: LHB Tim Gonzáles 0-0: Ball
1-0: Grounds into double play, 4-6-3 (Groundball, 4, EV 90.6 MPH)
Bottom of the 8th over - 0 runs, 0 hits, 0 errors, 0 left on base; Buckhead 5 - Colorado 8
TOP OF THE 9TH
Buckhead Bowties batting - Pitching for Colorado Billy Goats : RHP Roberto Morales
Pitching: RHP Magnus Belli
Batting: SHB Silvio Capitanio 0-0: Ball
1-0: Ball
2-0: Called Strike
2-1: SOLO HOME RUN (Flyball, 9LD, EV 111.2 MPH), Distance : 348 ft
Batting: LHB Marcus Shill 0-0: Ball
1-0: Ball
2-0: Swinging Strike
2-1: Ball
3-1: Ground out U3 (Groundball, 3, EV 81.9 MPH)
Batting: LHB Jesús Encarnación 0-0: Foul Ball, location: 2F
0-1: Ball
1-1: Ball
2-1: Ball
3-1: Base on Balls
Batting: LHB Jared Schneider 0-0: Swinging Strike
0-1: Ball
1-1: Foul Ball, location: 2F
1-2: Foul Ball, location: 2F
1-2: Strikes out looking
Batting: LHB Spencer Powell 0-0: Called Strike
0-1: Foul Ball, location: 2F
0-2: SINGLE (Groundball, 3, EV 103.1 MPH) (infield hit)
Jesús Encarnación to second
Pinch Runner at 2nd Blaine Callahan:
Batting: LHB Charles Godard 0-0: Called Strike
0-1: Ball
1-1: Foul Ball, location: 2F
1-2: Fielders Choice at 2nd, 5-4 (Groundball, 5, EV 87.5 MPH)
Top of the 9th over - 1 run, 2 hits, 0 errors, 2 left on base; Buckhead 6 - Colorado 8
Friday, March 26th, 2021 - OOTP Baseball 20.8 Build 74